 Dungeon Crawl Stone Soup version 0.22-a0-422-g9628fc8 (webtiles) character file.

12099 Falco the Unseen (level 11, 0/52 HPs)
             Began as a Spriggan Enchanter on May 22, 2018.
             Was an Initiate of Gozag.
             Slain by a manticore (27 damage)
             ... on level 11 of the Dungeon.
             The game lasted 01:48:13 (17794 turns).

Falco the Unseen (Spriggan Enchanter)              Turns: 17794, Time: 01:48:13

Health: 0/52       AC:  9    Str:  7    XL:     11   Next: 58%
Magic:  13/26      EV: 29    Int: 17    God:    Gozag
Gold:   2397       SH:  0    Dex: 22    Spells: 6/30 levels left

rFire    . . .     SeeInvis +   a - +1 dagger
rCold    + . .     Gourm    .   (shield restricted)
rNeg     . . .     Faith    .   r - +0 robe
rPois    +         Spirit   .   f - +1 hat
rElec    .         Reflect  .   Q - scarf {cloud immunity}
rCorr    .         Harm     +   (gloves unavailable)
MR       +....                  (boots unavailable)
Stlth    +++++++...             F - amulet of harm
HPRegen  0.17/turn              q - ring of poison resistance
MPRegen  0.20/turn              C - ring of Culuqur {rC+ AC+6 SInv}

@: agile, about to teleport, barbed spikes, very quick
A: very small, unfitting armour, see invisible, herbivore, speed 3, slow
metabolism 2
a: Potion Petition, Call Merchant, Bribe Branch, Renounce Religion


You were on level 11 of the Dungeon.
You worshipped Gozag.
Gozag was most pleased with you.
You were not hungry.

You visited 1 branch of the dungeon, and saw 11 of its levels.
You also visited: Ossuary and Bailey.

You collected 2418 gold pieces.
You paid 21 gold pieces to Gozag.

Inventory:

Hand Weapons
 a - a +1 dagger (weapon)
 b - a +1 hunting sling of freezing
 n - a +2 dagger of pain
 y - a +0 blowgun
 P - a +1 short sword of venom
Missiles
 s - 23 tomahawks (quivered)
 u - 2 throwing nets
 v - 73 sling bullets
 z - 30 poisoned needles
 M - 2 exploding tomahawks
Armour
 f - a +1 hat (worn)
 r - a +0 robe (worn)
 Q - a scarf of cloud immunity (worn)
Magical Staves
 D - an uncursed staff of conjuration
Jewellery
 q - a ring of poison resistance (left hand)
 C - the ring of Culuqur (right hand) {rC+ AC+6 SInv}
   (You found it on level 6 of the Dungeon)

   [ring of protection]

   It affects your AC (+6).
   It protects you from cold.
   It lets you see invisible.
 F - an amulet of harm (around neck)
Wands
 x - a wand of disintegration (8)
 A - a wand of random effects (98)
 E - a wand of acid (7)
 G - a wand of scattershot (13)
 I - a wand of enslavement (16)
 J - a wand of iceblast (16)
 K - a wand of flame (41)
Scrolls
 c - 3 scrolls of noise {unknown}
 i - 19 scrolls of teleportation
 j - a scroll of silence {unknown}
 k - 2 scrolls of magic mapping {unknown}
 l - 7 scrolls of remove curse
 m - 4 scrolls of enchant armour {unknown}
 t - 3 scrolls of enchant weapon {unknown}
 B - a scroll of fear {unknown}
 N - a scroll of fog {unknown}
 O - a scroll of brand weapon {unknown}
Potions
 g - 6 potions of curing
 h - 2 potions of invisibility
 o - 4 potions of flight
 p - 2 potions of cancellation
 w - a potion of lignification {unknown}
 H - a potion of brilliance {unknown}
 L - a potion of ambrosia {unknown}
Comestibles
 d - 16 rations


   Skills:
 + Level 3.1 Fighting
 + Level 6.3 Short Blades
 + Level 3.6(4.1) Slings
 + Level 2.1(2.9) Throwing
 + Level 6.7 Dodging
 + Level 15.1 Stealth
 + Level 10.4 Spellcasting
 + Level 0.8 Conjurations
 + Level 9.9 Hexes
 + Level 4.6 Ice Magic


You had 6 spell levels left.
You knew the following spells:

 Your Spells              Type           Power        Failure   Level  Hunger
a - Corona                Hex            #####..      1%          1    None
b - Ensorcelled Hibernat  Hex/Ice        ####..       1%          2    None
c - Confuse               Hex            #####...     1%          3    None
d - Tukima's Dance        Hex            #####...     1%          3    None
e - Dazzling Spray        Conj/Hex       ####..       2%          3    None
f - Slow                  Hex            #####...     1%          2    None
g - Cause Fear            Hex            #####.....   1%          4    ###....
h - Portal Projectile     Hex/Tloc       ####..       3%          3    None
i - Inner Flame           Hex/Fire       ####....     3%          3    None

Your spell library contained the following spells:

 Spells                   Type           Power        Failure   Level  Hunger
 Leda's Liquefaction      Hex/Erth       ####......   11%         4    ###....


Dungeon Overview and Level Annotations

Branches:
Dungeon (11/15)            Temple (0/1) D:5            Lair (0/6) D:9
    Orc (0/2) D:11

Altars:
Cheibriados
Dithmenos
Fedhas
Gozag
Hepliaklqana
Kikubaaqudgha
Makhleb
Nemelex Xobeh
Ru
Trog
Xom

Annotations:
D:2 Robin
D:4 2 transporters
D:5 2 transporters


Innate Abilities, Weirdness & Mutations

You are very small and have problems with some larger weapons.
You are too small for most types of armour.
You have supernaturally acute eyesight. (SInv)
You are a herbivore.
You cover ground extremely quickly.
You need to consume almost no food.


Message History

Confirm with . or Enter, or press ? or * to list all spells.
Aiming: Confuse (safe; 1% risk of failure)
Press: ? - help, Shift-Dir - straight line, f - manticore, p - yaktaur
Aim: a manticore (chance to defeat MR: 50%)
The manticore resists with significant effort.
The yaktaur covers its eyes.
The manticore flicks its tail.
The volley of spikes hits you!
The barbed spikes become lodged in your body.
Casting: Confuse (safe; 1% risk of failure)
Confirm with . or Enter, or press ? or * to list all spells.
Aiming: Confuse (safe; 1% risk of failure)
Press: ? - help, Shift-Dir - straight line, f/p - manticore
Aim: a manticore (chance to defeat MR: 50%)
The manticore resists with significant effort.
As you read the scroll of teleportation, it crumbles to dust.
You feel strangely unstable. The manticore bites you!!
Ouch! That really hurt!
You die...
Your body crumbles into a pile of gold.

#.# ##......# #...# #.# ##
#.......# #...# #.# H.
#.......#####...# #.#
#.##...............# #.#
#.c..(............# ####.#
#.##...............# ####....#
##..............#
........#########..c...........#
................@H.............##
.............(...................
.......####'##...................
########.....+.#####.............
.............#.#...#.............
...........#+#.'...#.#########...
...........#...#...#.#.......#...
#..........#...#####.#.......#...
#.####+#####.........#.......'...


You could see a manticore and a yaktaur (confused).

Vanquished Creatures
  2 two-headed ogres
  An orc knight (Bailey)
  Pikel (D:5)
  Joseph (D:8)
  A troll (D:10)
  A hippogriff (D:8)
  Sigmund (D:2)
  A wraith (D:10)
  4 yaks (D:9)
  2 hungry ghosts
  2 basilisks (D:9)
  Menkaure (D:7)
  2 water moccasins
  2 porcupines (D:9)
  26 orc warriors
  4 ice beasts
  5 sky beasts
  2 black bears
  4 ogres
  2 centaurs
  2 crocodiles (D:9)
  A big kobold (D:8)
  The ghost of zeram the Covert, an amateur SpAs of Dithmenos (D:4)
  4 bullfrogs
  A water moccasin skeleton (D:11)
  5 scorpions
  4 wights (D:7)
  10 killer bees
  3 howler monkeys
  4 crimson imps
  2 bullfrog zombies
  A centaur zombie (D:6)
  3 hounds
  7 orc priests
  A jelly (D:9)
  20 orc wizards
  A centaur skeleton (D:6)
  5 iguanas
  4 worker ants
  A killer bee zombie (D:10)
  12 mummies (Ossuary)
  2 hound skeletons
  A worker ant zombie (D:7)
  4 gnolls (D:3)
  A howler monkey skeleton (D:5)
  12 adders
  2 shadow imps
  2 oozes
  3 worms
  4 dart slugs
  5 leopard geckos
  70 orcs
  7 giant cockroaches
  10 goblins
  6 hobgoblins
  22 jackals
  10 kobolds
  5 quokkas
  A ball python (D:3)
  5 bats
  14 frilled lizards
  2 gnoll skeletons (Ossuary)
  A goblin skeleton (Ossuary)
  2 kobold skeletons (Ossuary)
  A leopard gecko skeleton (D:7)
  3 orc skeletons (Ossuary)
  7 rats
  11 rat skeletons (Ossuary)
370 creatures vanquished.

Vanquished Creatures (others)
  A worker ant (D:5)
  A fungus (D:9)
  2 plants (D:9)
4 creatures vanquished.

Grand Total: 374 creatures vanquished

Notes
Turn   | Place    | Note
-------+----------+-------------------------------------------
     0 | D:1      | Falco the Spriggan Enchanter began the quest for the Orb.
     0 | D:1      | Reached XP level 1. HP: 9/9 MP: 5/5
   162 | D:1      | Reached skill level 5 in Stealth
   162 | D:1      | Reached XP level 2. HP: 13/13 MP: 3/6
   174 | D:1      | Learned a level 2 spell: Ensorcelled Hibernation
   880 | D:2      | Noticed Robin
  1239 | D:2      | Reached XP level 3. HP: 14/16 MP: 1/8
  1319 | D:2      | Learned a level 3 spell: Confuse
  1582 | D:2      | Reached XP level 4. HP: 7/21 MP: 0/9
  1990 | D:2      | Noticed Sigmund
  2787 | D:2      | Killed Sigmund
  2787 | D:2      | Reached skill level 1 in Throwing
  2787 | D:2      | Reached skill level 6 in Stealth
  2787 | D:2      | Reached XP level 5. HP: 17/25 MP: 5/12
  3272 | D:3      | Reached XP level 6. HP: 25/29 MP: 13/13
  3304 | D:3      | Reached skill level 7 in Stealth
  4104 | D:3      | Found a burning altar of Makhleb.
  4215 | D:3      | Found an opulent altar of Gozag.
  4220 | D:3      | Became a worshipper of Gozag Ym Sagoz the Greedy
  4448 | D:4      | Reached skill level 1 in Fighting
  4448 | D:4      | Reached skill level 5 in Hexes
  4448 | D:4      | Reached skill level 1 in Ice Magic
  4457 | D:4      | Learned a level 3 spell: Tukima's Dance
  4461 | D:4      | Learned a level 3 spell: Dazzling Spray
  4553 | D:4      | Reached skill level 8 in Stealth
  4553 | D:4      | Reached XP level 7. HP: 32/33 MP: 6/15
  4646 | D:4      | Noticed zeram's ghost (amateur SpAs)
  4711 | D:4      | Killed zeram's ghost
  4711 | D:4      | Reached skill level 1 in Slings
  4887 | D:4      | Found a sand-covered staircase.
  4922 | Ossuary  | Entered an ossuary
  5216 | Ossuary  | Reached skill level 5 in Spellcasting
  5846 | D:4      | Found a transporter.
  5852 | D:4      | Found a transporter.
  6296 | D:4      | Found a hazy altar of Hepliaklqana.
  6453 | D:5      | Entered Level 5 of the Dungeon
  6498 | D:5      | Found a transporter.
  6940 | D:5      | Found a transporter.
  6946 | D:5      | Noticed a fire bat
  6962 | D:5      | Found a staircase to the Ecumenical Temple.
  6962 | D:5      | Noticed Pikel
  6965 | D:5      | Killed Pikel
  6965 | D:5      | Reached skill level 9 in Stealth
  6965 | D:5      | Reached XP level 8. HP: 37/37 MP: 15/18
  7160 | D:5      | Found a bloodstained altar of Trog.
  7452 | D:5      | Reached skill level 10 in Stealth
  8212 | D:6      | Reached skill level 11 in Stealth
  8212 | D:6      | Reached XP level 9. HP: 42/42 MP: 19/19
  8387 | D:6      | Got a smoking pewter ring
  9308 | D:6      | Identified the ring of Culuqur {rC+ AC+6 SInv} (You found it on level 6 of the Dungeon)
  9962 | D:6      | Found a shadowy altar of Dithmenos.
  9962 | D:6      | Found a shimmering altar of Xom.
 10012 | D:6      | Learned a level 2 spell: Slow
 10017 | D:6      | Learned a level 4 spell: Cause Fear
 10021 | D:6      | Learned a level 3 spell: Portal Projectile
 10053 | D:7      | Reached skill level 5 in Dodging
 10470 | D:7      | Found a snail-covered altar of Cheibriados.
 11164 | D:7      | Noticed Menkaure
 11174 | D:7      | Killed Menkaure
 11186 | D:7      | Found a blossoming altar of Fedhas.
 11218 | D:7      | Reached skill level 12 in Stealth
 11410 | D:7      | Learned a level 3 spell: Inner Flame
 11599 | D:8      | Noticed Joseph
 11605 | D:8      | Killed Joseph
 11605 | D:8      | Reached skill level 5 in Short Blades
 11605 | D:8      | Reached XP level 10. HP: 46/46 MP: 23/23
 12061 | D:8      | Found a flagged portal.
 12088 | Bailey   | Entered a bailey
 12122 | Bailey   | HP: 1/46 [orc warrior/bolt (31)]
 12137 | Bailey   | Reached skill level 13 in Stealth
 13230 | Bailey   | Noticed an orc knight
 13640 | Bailey   | Killed an orc knight
 14210 | D:9      | Found a staircase to the Lair.
 14711 | D:9      | Reached skill level 14 in Stealth
 15022 | D:9      | Found an ancient bone altar of Kikubaaqudgha.
 15024 | D:9      | Found a sparkling altar of Nemelex Xobeh.
 15026 | D:9      | Found a sacrificial altar of Ru.
 15069 | D:9      | Reached XP level 11. HP: 27/51 MP: 19/25
 15724 | D:9      | Noticed a two-headed ogre
 15731 | D:9      | Killed a two-headed ogre
 15998 | D:10     | Entered Level 10 of the Dungeon
 16812 | D:11     | Reached skill level 10 in Spellcasting
 17058 | D:11     | Found a staircase to the Orcish Mines.
 17431 | D:11     | Noticed a two-headed ogre
 17642 | D:11     | Killed a two-headed ogre
 17642 | D:11     | Reached skill level 15 in Stealth
 17794 | D:11     | Slain by a manticore

Vault maps used:
D:1:      minmay_arrival_plants_in_alcoves
D:2:      minmay_lizard_king, uniq_sigmund, uniq_robin
D:3:      marbit_many_paths, nicolae_overflow_crystal_walls, serial_park_tiny_1,
          minmay_misc_feat_roman
D:4:      gammafunk_wand_slinger, kennysheep_mini,
          nicolae_ossuary_entry_false_entrances, kennysheep_generic_room_2
D:5:      gammafunk_cloud_chamber, bloody_trog, minmay_temple_entry_fiery,
          first_ration, uniq_pikel
D:6:      amethyst_overflow_temple_binary, minmay_stone_trees_small
D:7:      cheibriados_altar_1, lemuel_round_altar, uniq_menkaure
D:8:      enter_bailey_3, blue_anna_alchemist, uniq_joseph
D:9:      minitemple, minmay_lair_entry_grove
D:11:     minmay_cornered_nines, david_orc_4, basic_altar
Ossuary:  ossuary_due_small_catacomb
Bailey:   bailey_polearm_2, bailey

Skill      XL: |  1  2  3  4  5  6  7  8  9 10 11 |
---------------+----------------------------------+-----
Stealth        | 5 6 8 9 11 12 14 15 | 15.1
Hexes          | 4 5 6 7 9 |  9.9
Spellcasting   | 3 4 6 8 9 10 | 10.4
Throwing       | 1 2 |  2.1
Fighting       | 1 2 3 |  3.1
Short Blades   | 2 3 4 5 6 |  6.3
Dodging        | 4 5 6 |  6.7
Ice Magic      | 1 2 3 4 |  4.6
Slings         | 1 2 3 |  3.6
Conjurations   | |  0.8

Action                   |  1- 3 |  4- 6 |  7- 9 | 10-12 || total
-------------------------+-------+-------+-------+-------++-------
Melee: Dagger            |   150 |   121 |   461 |   425 ||  1157
 Fire: Hunting sling     |       |    13 |    68 |    51 ||   132
Throw: Tomahawk          |     1 |    22 |    21 |     5 ||    49
       Throwing net      |       |       |     1 |       ||     1
 Cast: Corona            |    28 |     3 |    15 |     4 ||    50
       Ensorcelled Hiber |    12 |    43 |    94 |   112 ||   261
       Confuse           |       |       |    31 |    49 ||    80
       Dazzling Spray    |       |       |     5 |    16 ||    21
       Cause Fear        |       |       |     1 |     2 ||     3
Invok: Potion Petition   |       |       |       |     1 ||     1
Evoke: Wand              |       |       |     1 |       ||     1
  Use: Scroll            |     4 |       |    10 |     2 ||    16
       Potion            |       |     1 |     1 |     5 ||     7
 Stab: Sleeping          |    17 |    37 |    82 |    78 ||   214
       Distracted        |       |     1 |     2 |     5 ||     8
       Confused          |       |       |    17 |    27 ||    44
       Held in net/web   |       |       |     1 |       ||     1
       Invisible         |       |       |       |     8 ||     8
  Eat: Ration            |       |     2 |     5 |     3 ||    10
Armor: Robe              |    21 |     6 |    40 |    44 ||   111
Dodge: Dodged            |   141 |    96 |   308 |   326 ||   871

Table legend:
 A = Spawn XP
 B = Non-spawn XP
 C = Spawn XP percentage of total XP
 D = Spawn monster count
 E = Non-spawn monster count
 F = Spawn count percentage of total count
 G = Total turns spent on level
                    A         B        C        D         E        F      G
               +---------+---------+-------+---------+---------+-------+---------
         Total |       0 |   17285 |   0.0 |       0 |     370 |   0.0 | 17794
               +---------+---------+-------+---------+---------+-------+---------
           D:1 |       0 |      32 |   0.0 |       0 |      18 |   0.0 |  1250
           D:2 |       0 |     319 |   0.0 |       0 |      34 |   0.0 |  1716
           D:3 |       0 |     154 |   0.0 |       0 |      31 |   0.0 |  1440
           D:4 |       0 |     541 |   0.0 |       0 |      20 |   0.0 |  1244
           D:5 |       0 |    1425 |   0.0 |       0 |      30 |   0.0 |  1520
           D:6 |       0 |     601 |   0.0 |       0 |      12 |   0.0 |  2045
           D:7 |       0 |    1889 |   0.0 |       0 |      39 |   0.0 |  1393
           D:8 |       0 |    1513 |   0.0 |       0 |      21 |   0.0 |  1187
           D:9 |       0 |    4178 |   0.0 |       0 |      55 |   0.0 |  1779
          D:10 |       0 |    1507 |   0.0 |       0 |      16 |   0.0 |   795
          D:11 |       0 |    2784 |   0.0 |       0 |      37 |   0.0 |  1001
       Ossuary |       0 |     238 |   0.0 |       0 |      31 |   0.0 |   803
        Bailey |       0 |    2104 |   0.0 |       0 |      26 |   0.0 |  1621
               +---------+---------+-------+---------+---------+-------+---------
